 Dungeon Crawl Stone Soup version 0.31-a0-848-gaac375c287 (webtiles) character file.

Game seed: 4995709723944529213

70 retardedninja the Firebug (level 4, 0/24 HPs)
             Began as a Gargoyle Fire Elementalist on Oct 4, 2023.
             Slain by Sigmund
             ... wielding a +0 scythe
              (5 damage)
             ... on level 2 of the Dungeon.
             The game lasted 00:03:40 (2899 turns).

retardedninja the Firebug (GrFE)                    Turns: 2899, Time: 00:03:41

Health: 0/24       AC:  5    Str: 11    XL:     4   Next: 22%
Magic:  5/7        EV: 12    Int: 18    God:
Gold:   51         SH:  0    Dex: 10    Spells: 6/7 levels left

rFire   . . .        g - +0 war axe
rCold   . . .        (no shield)
rNeg    + . .        a - +0 robe
rPois   ∞            (no helmet)
rElec   +            (no cloak)
rCorr   .            (no gloves)
SInv    .            (no boots)
Will    .....        (no amulet)
Stlth   +            (no ring)
HPRegen 0.24/turn    (no ring)
MPRegen 0.10/turn

%: no passive effects
@: confused
A: sickness immunity, AC +3, negative energy resistance 1, electricity
resistance, torment resistance 1, petrification resistance
a: no special abilities


You were on level 2 of the Dungeon.
You visited 1 branch of the dungeon, and saw 2 of its levels.

You collected 51 gold pieces.

Inventory:

Hand Weapons
 g - a +0 war axe (weapon)
Armour
 a - a +0 robe (worn)
Scrolls
 c - 3 scrolls of identify {unknown}
 e - a scroll of enchant weapon {unknown}
 f - a scroll of torment {unknown}
 h - a scroll of vulnerability {unknown}
 j - a scroll of brand weapon {unknown}
 k - a scroll of noise {unknown}
 l - a scroll of fog {unknown}
Potions
 b - a potion of magic
 d - a potion of ambrosia {unknown}
 i - a potion of brilliance {unknown}
 m - a potion of might {unknown}


   Skills:
 + Level 2.1 Dodging
 + Level 3.1 Stealth
 + Level 2.4 Spellcasting
 + Level 2.1 Conjurations
 + Level 3.4 Fire Magic


You had 6 spell levels left.
You knew the following spells:

 Your Spells              Type           Power      Damage    Failure   Level
a - Foxfire               Conj/Fire      48%        2x1d6     5%          1

Your spell library contained the following spells:

 Spells                   Type           Power      Damage    Failure   Level
 Scorch                   Fire           28%        2d6       6%          2
 Sandblast                Erth           4%         2d4       17%         1
 Passwall                 Tmut/Erth      1%         N/A       26%         2
 Inner Flame              Hex/Fire       8%         N/A       26%         3
 Volatile Blastmotes      Fire/Tloc      16%        2d11      26%         3
 Stone Arrow              Conj/Erth      12%        3d7       32%         3
 Flame Wave               Conj/Fire      12%        2d6       50%         4
 Brom's Barrelling Bould  Conj/Erth      6%         2d3       73%         4


Dungeon Overview and Level Annotations

Branches:
Dungeon (2/15)

Altars:
Zin

Shops:
D:1 [[![

Annotations:
D:2 Sigmund


Innate Abilities, Weirdness & Mutations

You are immune to sickness and miasma.
Your stone body is resilient. (AC +3)
You are immune to poison.
You resist negative energy. (rN+)
You are resistant to electric shocks. (rElec)
You are resistant to unholy torment.
You are immune to petrification.


Message History

Sigmund is heavily wounded.
Sigmund casts a spell.
Sigmund flickers and vanishes!
Deactivating autopickup; reactivate with Ctrl-A.
Something hits you but does no damage.
A puff of flame appears from out of thin air!
The puff of flame hits you.
Casting: Foxfire (safe; 5% risk of failure)
Press: ? - help, Q - select action Dir - look around, f - activate You conjure some foxfire!
You hear some strange, mumbled words.
You are confused.
The foxfire hits something. x2
You're too confused to cast spells.
Unknown command.
You're too confused to cast spells.
Unknown command.
Something hits you but does no damage.
You're too confused to cast spells.
You're too confused to cast spells.
You feel less confused. Something hits you but does no damage.
A puff of flame appears from out of thin air!
The puff of flame hits you.
Casting: Foxfire (safe; 5% risk of failure)
Press: ? - help, Q - select action Dir - look around, f - activate You conjure some foxfire!
You hear some strange, mumbled words.
You are confused.
The foxfire hits something. x2
You're too confused to cast spells.
Unknown command.
You hear some strange, mumbled words.
You are more confused.
You're too confused to cast spells.
A magic dart appears from out of thin air!
The magic dart hits you.
* * * LOW HITPOINT WARNING * * *
Something hits you.
You die...

##### #....######..... #...####
#.........#..... ##......#
##........#..<.. ######.......#
#........#.....
.........._..######........#.....
.................##........#.....
...<.........###.##........#.....
.....[...#...# #.##........#.....
.........#..####@######.####.....
.........#.....#.###### ..#.....
.........##.##.#......# #.#.†###
.........##.#......##.####.#.## #
.........##.#..............#.# #
.^.......##.#.......#.######.# #
#######.....#.......#.# #.# #
#######.......#.# #.# #
#.......#.# #.####


There were no monsters in sight!

Vanquished Creatures
  An adder (D:2)
  3 dart slugs
  A worm (D:2)
  5 bats
  8 endoplasms
  A giant cockroach (D:1)
  3 goblins
  6 hobgoblins
  3 jackals (D:1)
  2 kobolds (D:1)
  3 quokkas
  4 ball pythons (D:1)
  2 frilled lizards (D:1)
  6 rats
48 creatures vanquished.

Vanquished Creatures (others)
  246 foxfires
246 creatures vanquished.

Grand Total: 294 creatures vanquished

Notes
Turn   | Place    | Note
-------+----------+-------------------------------------------
     0 | D:1      | retardedninja the Gargoyle Fire Elementalist began the
                  | quest for the Orb.
     0 | D:1      | Reached XP level 1. HP: 10/10 MP: 3/3
    38 | D:1      | Found Suippita's Armour Shoppe.
    97 | D:1      | Found a faded altar of an unknown god.
   307 | D:1      | Found Kirphawn's Antique Armour Shoppe.
   462 | D:1      | Found Lexicham's Distillery.
   473 | D:1      | Reached XP level 2. HP: 15/15 MP: 1/5
   944 | D:1      | Reached XP level 3. HP: 19/19 MP: 1/6
  1649 | D:1      | Found Taon's Antique Armour Shoppe.
  2503 | D:2      | Reached XP level 4. HP: 24/24 MP: 5/7
  2793 | D:2      | Found a glowing silver altar of Zin.
  2870 | D:2      | Noticed Sigmund
  2899 | D:2      | Slain by Sigmund

Illustrated notes

Levels and vault maps discovered:
D:1:      dpeg_arrival_subterranean_lakeside_camping, layout_basic,
          serial_shops, nicolae_shop_scrapyard, shop, nicolae_shop_behind_doors,
          nicolae_shop_tiny_statue_garden, hellmonk_ecumenical_altar_zigzags,
          minmay_pentomino_q4
D:2:      layout_basic, basic_altar, uniq_sigmund

Skill      XL: |  1  2  3 |
---------------+----------+-----
Dodging        | 2 |  2.1
Conjurations   | 2 |  2.1
Stealth        | 3 |  3.1
Spellcasting   | |  2.4
Fire Magic     | |  3.4

Action                     |  1- 3 |  4- 6 || total
---------------------------+-------+-------++-------
  Melee: Unarmed           |    15 |       ||    15
         War axe           |     3 |       ||     3
   Cast: Foxfire           |   128 |    19 ||   147
 Armour: Robe              |    37 |     9 ||    46
  Dodge: Dodged            |    50 |     3 ||    53

Table legend: (Time is in decaauts)
 A = Elapsed time spent in this place.
 B = Non-inter-level travel time spent in this place.
 C = Inter-level travel time spent in this place.
 D = Time resting spent in this place.
 E = Time spent auto-exploring this place.
 F = Levels seen in this place.
 G = Mean time per level.
                   A        B        C        D        E       F      G
               +--------+--------+--------+--------+--------+-----+--------+
         Total |   2905 |   2889 |     16 |      0 |   2395 |   2 | 1452.5 |
       Dungeon |   2905 |   2889 |     16 |      0 |   2395 |   2 | 1452.5 |
               +--------+--------+--------+--------+--------+-----+--------+

Top non-repeatable levels by time:
     D:1: 1957 daAuts
     D:2: 947 daAuts
